 Dungeon Crawl Stone Soup version 0.27-a0-1193-g8631133539 (webtiles) character file.

Game seed: 2841542846093248652

2388 Bapho the Cleaver (level 9, -2/70 HPs)
             Began as a White Draconian Monk on May 25, 2021.
             Was a Believer of Yredelemnul.
             Slain by a killer bee (5 damage)
             ... on level 8 of the Dungeon.
             The game lasted 00:12:18 (8438 turns).

Bapho the Cleaver (White Draconian Monk)            Turns: 8438, Time: 00:12:18

Health: -2/70      AC:  9    Str: 13 (16) XL:     9   Next: 22%
Magic:  9/9        EV: 12    Int: 11 (14) God:    Yredelemnul [**....]
Gold:   961        SH:  0    Dex: 11 (13) Spells: 8/8 levels left

rFire    . . .     SeeInvis .   a - +2 quarterstaff (spect)
rCold    + . .     Faith    .   (shield currently unavailable)
rNeg     . . .     Spirit   .   (armour unavailable)
rPois    .         Reflect  .   (helmet restricted)
rElec    .         Harm     .   v - +0 cloak
rCorr    .         Rampage  .   r - +0 pair of gloves
Will     .....                  (no boots)
Stlth    ++........             (no amulet)
HPRegen  0.21/turn              (no ring)
MPRegen  0.11/turn              (no ring)

@: lethally poisoned (-2 -> -8), short of breath, unable to read, attractive
A: breathe frost, AC +7, unfitting armour, cold resistance 1, cold-blooded,
clever 1, inability to read while threatened
a: Breathe Frost, Renounce Religion, Animate Remains, Recall Undead Slaves,
Injury Mirror


You were on level 8 of the Dungeon.
You worshipped Yredelemnul.
Yredelemnul was pleased with you.
You visited 2 branches of the dungeon, and saw 9 of its levels.

You collected 961 gold pieces.

Inventory:

Hand Weapons
 a - a +2 spectral quarterstaff (weapon)
 b - a +0 hunting sling
 d - a +0 hand axe of protection
 B - a +0 war axe
Missiles
 f - 26 sling bullets
 h - 221 stones (quivered)
 t - 2 throwing nets
Armour
 r - a +0 pair of gloves (worn)
 v - a +0 cloak (worn)
Jewellery
 j - a ring of poison resistance
 n - a ring of protection from fire
 q - an amulet of magic regeneration
Wands
 g - a wand of flame (19)
Scrolls
 e - 3 scrolls of vulnerability
 l - a scroll of brand weapon
 m - a scroll of enchant armour
 u - 2 scrolls of fog
 z - a scroll of summoning
Potions
 c - a potion of lignification
 i - a potion of resistance
 k - a potion of degeneration
 s - a potion of haste


   Skills:
 - Level 3.2 Fighting
 + Level 12.4 Axes
 - Level 2.6 Dodging
 - Level 1.7 Stealth


You had 8 spell levels left.
You didn't know any spells.
Your spell library contained the following spells:

 Spells                   Type           Power      Damage    Failure   Level
 Magic Dart               Conj           0%         1d3       34%         1
 Blink                    Tloc           N/A        N/A       47%         2
 Call Imp                 Summ           0%         N/A       47%         2
 Slow                     Hex            0%         N/A       47%         2
 Conjure Flame            Conj/Fire      0%         6-21      71%         3
 Mephitic Cloud           Conj/Pois/Air  0%         N/A       71%         3


Dungeon Overview and Level Annotations

Branches:
Dungeon (8/15)             Temple (1/1) D:7
   Lair: D:8-11

Altars:
Ashenzari
Cheibriados
Dithmenos
Elyvilon
Fedhas
Hepliaklqana
Kikubaaqudgha
Makhleb
Nemelex Xobeh
Ru
Sif Muna
Uskayaw
Wu Jian
Xom
Yredelemnul

Shops:
D:6 :

Annotations:
D:4 2 transporters, Harga's ghost, amateur OpAE


Innate Abilities, Weirdness & Mutations

You can breathe waves of freezing cold which knock back foes.
Your icy white scales are hard. (AC +7)
You cannot fit into any form of body armour.
Your flesh is cold resistant. (rC+)
You are cold-blooded and may be slowed by cold attacks.
Your mind is acute. (Int +2)
You sometimes lose the ability to read scrolls when taking damage.


Message History

You feel sick. The killer bee closely misses you.
As you read the scroll labelled KOTUM JIAPP, it crumbles to dust.
You hear a loud clanging noise!
It was a scroll of noise.
You feel sick.
You hear a shout! x7; You hear a howl! x2
The killer bee stings you!
* * * LOW HITPOINT WARNING * * *
The killer bee closely misses you.
Press: ? - help, Shift-Dir - straight line, f/p - killer bee
Aim: a killer bee (heavily wounded)
You exhale a wave of freezing cold.
The freezing breath hits the killer bee!
The killer bee is heavily wounded.
The killer bee is blown backwards by the freezing wind.
The killer bee collides with the killer bee!
The freezing breath hits the killer bee!
You kill the killer bee!
Yredelemnul accepts your kill.
The freezing breath hits the killer bee!
The killer bee is severely wounded.
The killer bee is blown backwards by the freezing wind.
The killer bee collides with the killer bee!
The freezing breath misses the killer bee.
You feel sick. The killer bee misses you.
It was a potion of mutation.
You feel extremely strange.
You lose the ability to read scrolls when threatened.
You feel clever.
You feel sick.
You are no longer poisoned.
The killer bee closely misses you. The killer bee stings you.
* * * LOW HITPOINT WARNING * * *
It was a potion of attraction.
You feel attractive to monsters. The killer bee stings you.
* * * LOW HITPOINT WARNING * * *
You are lethally poisoned!
The killer bee poisons you! The killer bee stings you.
You feel threatened and lose the ability to read scrolls!
You die...
Your body rises from the dead as a mindless zombie.

## ####### .# #.....#
## #.###.###### #
#.#........#
######.#.#.####.#
.......#<....... ....#
#.################....#
.................#....#
################@#....#
#y#....# #y#....####
##.####y#.#....(.
.................y
##.####.....##....
...............(
.##.......##.##y
..........# #


You could see 3 killer bees.

Vanquished Creatures
  Sigmund (D:4)
  2 water moccasins (D:6)
  2 black bears
  An orc warrior (D:7)
  3 ogres (D:4)
  2 centaurs
  2 bullfrogs
  A gnoll sergeant (D:5)
  2 scorpions
  A water moccasin zombie (D:6)
  A water moccasin skeleton (D:6)
  2 killer bees (D:8)
  3 howler monkeys
  3 hounds
  A jelly (D:5)
  A centaur skeleton (D:5)
  A gnoll shaman (D:6)
  3 iguanas (D:6)
  3 orc priests
  3 orc wizards
  A killer bee zombie (D:5)
  6 adders
  14 gnolls
  4 worms
  3 dart slugs
  11 orcs
  12 endoplasms
  A giant cockroach (D:4)
  4 goblins
  8 hobgoblins
  10 jackals
  2 quokkas
  9 ball pythons
  A bat (D:3)
  3 frilled lizards
  4 kobolds
  6 rats
137 creatures vanquished.

Notes
Turn   | Place    | Note
-------+----------+-------------------------------------------
     0 | D:1      | Bapho the Draconian Monk began the quest for the Orb.
     0 | D:1      | Reached XP level 1. HP: 19/19 MP: 1/1
   313 | D:1      | Reached XP level 2. HP: 21/26 MP: 2/2
   657 | D:1      | Reached skill level 4 in Axes
   815 | D:1      | Identified a scroll of acquirement
   815 | D:1      | Acquired 556 gold pieces
   857 | D:2      | Found a broken altar of Ashenzari.
  1005 | D:2      | Reached XP level 3. HP: 31/31 MP: 3/3
  1527 | D:2      | Found a faded altar of an unknown god.
  1825 | D:3      | Reached skill level 5 in Axes
  1825 | D:3      | Reached XP level 4. HP: 38/38 MP: 4/4
  2128 | D:3      | Found a shimmering altar of Xom.
  2506 | D:3      | Reached XP level 5. HP: 25/45 MP: 5/5
  2507 | D:3      | Reached skill level 6 in Axes
  2845 | D:4      | Noticed Sigmund
  3454 | D:4      | Killed Sigmund
  3455 | D:4      | Reached skill level 7 in Axes
  3455 | D:4      | Reached XP level 6. HP: 15/51 MP: 6/6
  3779 | D:4      | Found a hazy altar of Hepliaklqana.
  3908 | D:4      | Reached skill level 8 in Axes
  3915 | D:4      | Your scales start taking on an icy white colour.
  3915 | D:4      | Reached XP level 7. HP: 48/57 MP: 7/7
  3915 | D:4      | Gained mutation: Your flesh is cold resistant. (rC+) [White
                  | Draconian growth]
  4347 | D:4      | Found a transporter.
  4352 | D:4      | Found a transporter.
  4360 | D:4      | Noticed Harga's ghost (amateur OpAE)
  4566 | D:5      | Entered Level 5 of the Dungeon
  4612 | D:5      | Reached skill level 9 in Axes
  5062 | D:5      | Found a shadowy altar of Dithmenos.
  5258 | D:5      | Reached XP level 8. HP: 63/63 MP: 8/8
  5492 | D:6      | Found a white marble altar of Elyvilon.
  5502 | D:6      | Reached skill level 10 in Axes
  5976 | D:6      | Found Wygoeggi's Book Boutique.
  6210 | D:6      | Reached skill level 11 in Axes
  6465 | D:6      | Found a snail-covered altar of Cheibriados.
  7445 | D:7      | Reached XP level 9. HP: 64/70 MP: 9/9
  7598 | D:7      | Found a staircase to the Ecumenical Temple.
  7618 | D:7      | Reached skill level 12 in Axes
  7627 | Temple   | Entered the Ecumenical Temple
  7865 | Temple   | Became a worshipper of Yredelemnul the Dark
  7865 | Temple   | Reached * piety under Yredelemnul
  7865 | Temple   | Reached ** piety under Yredelemnul
  8013 | D:7      | Found a hide-covered altar of Uskayaw.
  8437 | D:8      | Gained mutation: You sometimes lose the ability to read
                  | scrolls when taking damage. [potion of mutation]
  8437 | D:8      | Gained mutation: Your mind is acute. (Int +2) [potion of
                  | mutation]
  8438 | D:8      | HP: 3/70 [killer bee (2)]
  8438 | D:8      | Slain by a killer bee

Illustrated notes

Levels and vault maps discovered:
D:1:      dpeg_arrival_more_subterranean_lakeside_camping, layout_loops_cross,
          minmay_misc_feat_four_crosses
D:2:      layout_rooms, basic_altar, shapermc_ecumenical_altar_hornbeckon
D:3:      layout_loops_corners, lemuel_coloured_pillars_altar,
          grunt_ministairs_2, chequers_serial_rivers_small_3
D:4:      layout_rooms, nzn_hepliaklqana_mist_gate, serial_rivers,
          chequers_serial_rivers_small_a, chequers_serial_rivers_micro_e,
          chequers_serial_rivers_room_a, chequers_serial_rivers_small_3,
          gammafunk_ghost_abyssal_escape, uniq_sigmund
D:5:      layout_rooms, lemuel_crystal_altar
D:6:      layout_layer_cave, lemuel_crystal_altar, general_overflow_altar,
          serial_shops, nicolae_shop_behind_doors, chequers_decorated_corner
D:7:      layout_rooms, kennysheep_little_box,
          minmay_temple_entry_drinking_statues, lightli_minifort
D:8:      layout_basic, hex_large, minmay_misc_feat_rugged,
          small_chamber_with_monster
Temple:   nicolae_temple_figure_zero

Skill      XL: |  1  2  3  4  5  6  7  8  9 |
---------------+----------------------------+-----
Axes           | 4 5 7 8 9 11 12 | 12.4
Fighting       | |  3.2
Dodging        | |  2.6
Stealth        | |  1.7

Action                   |  1- 3 |  4- 6 |  7- 9 || total
-------------------------+-------+-------+-------++-------
Melee: Hand axe          |    44 |       |       ||    44
       Tailslap          |     8 |     5 |    14 ||    27
       Quarterstaff      |    27 |    50 |   113 ||   190
 Fire: Hunting sling     |    18 |    42 |    97 ||   157
Throw: Stone             |    81 |     3 |    14 ||    98
 Abil: Breathe Frost     |       |       |     5 ||     5
  Use: Scroll            |     4 |     2 |     6 ||    12
       Potion            |       |       |     7 ||     7
 Stab: Distracted        |     1 |       |       ||     1
       Sleeping          |       |     1 |       ||     1
Armor: Skin              |    19 |    19 |    54 ||    92
Dodge: Dodged            |    30 |    56 |   125 ||   211

Table legend: (Time is in decaauts)
 A = Elapsed time spent in this place.
 B = Non-inter-level travel time spent in this place.
 C = Inter-level travel time spent in this place.
 D = Time resting spent in this place.
 E = Time spent auto-exploring this place.
 F = Levels seen in this place.
 G = Mean time per level.
                   A        B        C        D        E       F      G
               +--------+--------+--------+--------+--------+-----+--------+
         Total |   8530 |   8165 |    365 |   1292 |   5824 |   9 |  947.8 |
       Dungeon |   8283 |   7927 |    356 |   1292 |   5619 |   8 | 1035.4 |
        Temple |    247 |    238 |      9 |      0 |    205 |   1 |  247.0 |
               +--------+--------+--------+--------+--------+-----+--------+

Top non-repeatable levels by time:
     D:3: 2111 daAuts
     D:6: 1959 daAuts
     D:4: 1188 daAuts
     D:1: 852 daAuts
     D:2: 746 daAuts
     D:5: 739 daAuts
     D:7: 573 daAuts
  Temple: 247 daAuts
     D:8: 112 daAuts
